 Dungeon Crawl Stone Soup version 0.28-a0-60-g54b5640690 (webtiles) character file.

Game seed: 16132665998766037795

4986 pkoi the Martial Artist (level 10, -3/77 HPs)
             Began as a Grey Draconian Monk on July 30, 2021.
             Was an Elder of Okawaru.
             Slain by a manticore (4 damage)
             ... on level 8 of the Dungeon.
             The game lasted 00:11:58 (8215 turns).

pkoi the Martial Artist (Grey Draconian Monk)       Turns: 8215, Time: 00:11:59

Health: -3/77      AC: 16    Str: 13    XL:     10   Next: 29%
Magic:  0/16       EV: 16    Int: 15    God:    Okawaru [****..]
Gold:   276        SH:  0    Dex: 13    Spells: 15/17 levels left

rFire   + . .      SeeInvis .     - Unarmed
rCold   + . .      Faith    .   (no shield)
rNeg    + . .      Spirit   +   (armour unavailable)
rPois   .          Reflect  .   C - +2 hat of the Bear Spirit {Spirit, +Rage rN+ Will++}
rElec   .          Harm     .   k - scarf {rC+ rF+}
rCorr   .          Rampage  .   s - +1 pair of gloves {Stlth+}
Will    ++...                   (no boots)
Stlth   +++.......              o - amulet of guardian spirit
HPRegen 0.22/turn               g - +4 ring of evasion
MPRegen 0.15/turn               (no ring)

@: about to teleport, spiked, slowed, very slow
A: AC +12, amphibious, unfitting armour, cold-blooded
a: Renounce Religion, Evoke Berserk Rage, Heroism


You were on level 8 of the Dungeon.
You worshipped Okawaru.
Okawaru was greatly pleased with you.
You visited 2 branches of the dungeon, and saw 9 of its levels.

You collected 276 gold pieces.

Inventory:

Missiles
 e - 53 poisoned darts (quivered)
 t - 5 javelins
 y - a curare-tipped dart
Armour
 b - a +1 cloak
 k - a scarf of resistance (worn)
 s - a +1 pair of gloves of stealth (worn)
 C - the +2 hat of the Bear Spirit (worn) {Spirit, +Rage rN+ Will++}
   (You found it on level 8 of the Dungeon)

   rN:        It protects you from negative energy.
   +Rage:     It lets you go berserk.
   Will:      It greatly increases your willpower.
Jewellery
 g - a +4 ring of evasion (left hand)
 l - a ring of ice
 o - an amulet of guardian spirit (around neck)
Wands
 n - a wand of digging (5)
Scrolls
 c - a scroll of amnesia
 d - a scroll of fear
 f - 2 scrolls of blinking
 i - 5 scrolls of identify
 j - a scroll of enchant armour
 p - a scroll of teleportation
 q - a scroll of fog
 u - a scroll of immolation {unknown}
 A - a scroll of magic mapping
 B - a scroll of vulnerability {unknown}
Potions
 h - a potion of brilliance
 m - a potion of lignification {unknown}
 r - a potion of ambrosia {unknown}
 v - a potion of haste
 w - a potion of flight
 x - a potion of resistance {unknown}
 z - a potion of heal wounds


   Skills:
 - Level 3.2 Fighting
 - Level 2.6 Dodging
 - Level 1.7 Stealth
 + Level 11.8 Unarmed Combat
 - Level 4.0 Spellcasting
 - Level 4.5 Transmutations
 - Level 5.5 Earth Magic
 - Level 5.8 Invocations


You had 15 spell levels left.
You knew the following spells:

 Your Spells              Type           Power      Damage    Failure   Level
a - Passwall              Tmut/Erth      15%        N/A       3%          2

Your spell library contained the following spells:

 Spells                   Type           Power      Damage    Failure   Level
 Sandblast                Erth           38%        2d10      1%          1
 Static Discharge         Conj/Air       3%         N/A       26%         2
 Ignite Poison            Fire/Tmut/Pois 7%         N/A       28%         3
 Lee's Rapid Deconstruct  Erth           9%         3d8*      45%         5
 Gell's Gravitas          Tloc           1%         N/A       47%         3
 Inner Flame              Hex/Fire       3%         N/A       47%         3
 Summon Guardian Golem    Hex/Summ       3%         N/A       47%         3
 Teleport Other           Tloc           3%         N/A       47%         3
 Bolt of Magma            Conj/Fire/Erth 4%         4d5       93%         5
 Dispersal                Tloc           1%         N/A       100%        6
 Orb of Destruction       Conj           1%         N/A       100%        7
 Spellforged Servitor     Conj/Summ      1%         N/A       100%        7


Dungeon Overview and Level Annotations

Branches:
Dungeon (8/15)             Temple (1/1) D:6
   Lair: D:8-11

Altars:
Ashenzari
Cheibriados
Dithmenos
Elyvilon
Fedhas
Gozag
Hepliaklqana
Kikubaaqudgha
Makhleb
Nemelex Xobeh
Okawaru
Qazlal
Ru
Sif Muna
Uskayaw
Vehumet
Wu Jian
Xom
Yredelemnul
Zin
The Shining One

Shops:
D:3 *   D:5 ?

Annotations:
D:3 3 runed translucent doors, popfantom's ghost, amateur TrBe


Innate Abilities, Weirdness & Mutations

Your dull iron-grey scales are very hard. (AC +12)
You are amphibious.
You cannot fit into any form of body armour.
You are cold-blooded and may be slowed by cold attacks.


Message History

The kobold brigand completely misses you.
The kobold brigand barely misses you.
You continue putting on the +2 hat of the Bear Spirit {Spirit, +Rage rN+ Will++}.
You feel sick.
The manticore flicks its tail.
The volley of spikes hits you!
The barbed spikes become lodged in your body.
* * * LOW HITPOINT WARNING * * *
The kobold brigand hits you with a +0 short sword.
* * * LOW HITPOINT WARNING * * *
The manticore flicks its tail.
The volley of spikes hits you.
The barbed spikes become lodged in your body.
* * * LOW HITPOINT WARNING * * *
You continue putting on the +2 hat of the Bear Spirit {Spirit, +Rage rN+ Will++}.
* * * LOW HITPOINT WARNING * * *
You feel sick.
The kobold brigand hits you but does no damage.
The manticore flicks its tail.
The volley of spikes hits you but does no damage.
The kobold brigand hits you but does no damage.
You finish putting on the +2 hat of the Bear Spirit {Spirit, +Rage rN+ Will++}.
You feel spirits watching over you.
You feel better.
The manticore flicks its tail.
The volley of spikes misses you. The kobold brigand barely misses you.
As you read the scroll of teleportation, it crumbles to dust.
You feel strangely unstable.
The kobold brigand hits you but does no damage.
The manticore bites you but does no damage.
The manticore misses you.
The manticore claws you but does no damage.
The kobold brigand hits you with a +0 short sword.
* * * LOW HITPOINT WARNING * * *
You hit the kobold brigand.
The kobold brigand is lightly wounded.
The manticore bites you!
* * * LOW HITPOINT WARNING * * *
The manticore claws you.
You die...

...........## .#. #.
............# .# ##
..<.........# ..
............# ##
............# ####. #.##
............###[.. ....
........>..##....#
#..###
..........##.##.##......
########....##@H....##.
#.......###K........
#..####.)).......###' .
###..#.....# ##.......#
#.......# ........#
#.#......# .........#


You could see a manticore and a kobold brigand.

Vanquished Creatures
  Pikel (D:4)
  Joseph (D:7)
  Maggie (D:7)
  A wraith (D:8)
  2 water moccasins (D:7)
  A sky beast (D:6)
  2 orc warriors
  An ice beast (D:5)
  2 black bears (D:8)
  2 necrophages
  3 ogres
  3 centaurs
  2 lemures (D:4)
  3 kobold brigands (D:7)
  3 bullfrogs
  A wyvern zombie (D:7)
  A gnoll sergeant (D:8)
  A scorpion (D:7)
  3 water moccasin zombies
  3 killer bees (D:7)
  A water moccasin skeleton (D:5)
  9 wights
  4 howler monkeys
  2 bullfrog zombies (D:6)
  5 jellies
  A centaur zombie (D:8)
  A hound (D:5)
  3 orc priests
  A gnoll shaman (D:6)
  A centaur skeleton (D:7)
  Ijyb (D:4)
  2 orc wizards
  5 iguanas
  A scorpion zombie (D:5)
  3 killer bee zombies
  2 hound skeletons
  5 gnolls
  2 adders
  A shadow imp (D:7)
  A white imp (D:8)
  An ufetubus (D:5)
  An adder skeleton (D:4)
  An adder zombie (D:5)
  3 worms
  4 dart slugs
  11 orcs
  3 endoplasms
  4 giant cockroaches
  3 goblins
  6 hobgoblins
  9 jackals
  17 kobolds
  A quokka (D:1)
  7 ball pythons
  7 bats
  3 frilled lizards
  A quokka skeleton (D:4)
  7 rats
177 creatures vanquished.

Vanquished Creatures (others)
  8 fungi (D:8)
  5 plants (D:8)
13 creatures vanquished.

Grand Total: 190 creatures vanquished

Notes
Turn   | Place    | Note
-------+----------+-------------------------------------------
     0 | D:1      | pkoi the Draconian Monk began the quest for the Orb.
     0 | D:1      | Reached XP level 1. HP: 19/19 MP: 1/1
   349 | D:1      | Reached XP level 2. HP: 23/26 MP: 2/2
   839 | D:1      | Reached skill level 4 in Unarmed Combat
  1166 | D:2      | Reached XP level 3. HP: 13/31 MP: 3/3
  1377 | D:2      | Learned a level 2 spell: Passwall
  1403 | D:2      | Got the Volume of Fire and Weightlessness
  1736 | D:2      | Found a faded altar of an unknown god.
  2166 | D:3      | Noticed popfantom's ghost (amateur TrBe)
  2167 | D:3      | Found a runed translucent gate.
  2171 | D:3      | Found a runed translucent gate.
  2171 | D:3      | Found a runed translucent gate.
  2256 | D:3      | Reached XP level 4. HP: 36/38 MP: 4/4
  2289 | D:3      | Found Jaiqid's Assorted Antiques.
  2330 | D:3      | Reached skill level 5 in Unarmed Combat
  2708 | D:3      | Found a hide-covered altar of Uskayaw.
  2709 | D:3      | Found an ancient bone altar of Kikubaaqudgha.
  2792 | D:3      | Found a glowing silver altar of Zin.
  2792 | D:3      | Found an opulent altar of Gozag.
  3288 | D:4      | Found a burning altar of Makhleb.
  3296 | D:4      | Noticed a centaur
  3311 | D:4      | Killed a centaur
  3312 | D:4      | Reached skill level 6 in Unarmed Combat
  3312 | D:4      | Reached XP level 5. HP: 30/45 MP: 3/5
  3427 | D:4      | Found an iron altar of Okawaru.
  3477 | D:4      | Noticed a necrophage
  3485 | D:4      | Killed a necrophage
  3509 | D:4      | Became a worshipper of Warmaster Okawaru
  3509 | D:4      | Reached * piety under Okawaru
  3509 | D:4      | Reached ** piety under Okawaru
  3593 | D:4      | Noticed a lemure
  3593 | D:4      | Noticed a lemure
  3593 | D:4      | Noticed Pikel
  3594 | D:4      | Noticed a lemure
  3594 | D:4      | Noticed a lemure
  3627 | D:4      | Reached XP level 6. HP: 25/51 MP: 4/6
  3850 | D:4      | Identified the +1 pair of boots of Hadjma {Harm Regen+}
  3915 | D:4      | Noticed Ijyb
  3927 | D:4      | Killed Ijyb
  3928 | D:4      | Reached skill level 7 in Unarmed Combat
  4022 | D:4      | Killed Pikel
  4023 | D:4      | Reached skill level 8 in Unarmed Combat
  4023 | D:4      | Your scales start taking on a dull iron-grey colour.
  4023 | D:4      | Reached XP level 7. HP: 52/57 MP: 4/7
  4053 | D:5      | Entered Level 5 of the Dungeon
  4066 | D:5      | Reached skill level 9 in Unarmed Combat
  4084 | D:5      | Reached skill level 1 in Earth Magic
  4109 | D:5      | Reached skill level 1 in Transmutations
  4145 | D:5      | Reached skill level 1 in Spellcasting
  4230 | D:5      | Found a glowing golden altar of the Shining One.
  4234 | D:5      | Reached XP level 8. HP: 59/63 MP: 8/10
  4280 | D:5      | Found Zino's Magic Scroll Emporium.
  4287 | D:5      | Reached *** piety under Okawaru
  4490 | D:5      | Found a basalt altar of Yredelemnul.
  4574 | D:5      | HP: 2/63 [orc priest (2)]
  5060 | D:6      | Found a staircase to the Ecumenical Temple.
  5218 | D:6      | Reached skill level 1 in Invocations
  5775 | Temple   | Entered the Ecumenical Temple
  5916 | D:7      | Reached XP level 9. HP: 55/70 MP: 9/13
  6040 | D:7      | Identified a scroll of acquirement
  6040 | D:7      | Acquired a +1 pair of gloves of stealth
  6048 | D:7      | Noticed Maggie
  6093 | D:7      | Received a gift from Okawaru
  6140 | D:7      | Noticed Joseph
  6180 | D:7      | Killed Joseph
  6181 | D:7      | Reached skill level 10 in Unarmed Combat
  6181 | D:7      | Reached skill level 5 in Earth Magic
  6659 | D:7      | Killed Maggie
  6659 | D:7      | Reached **** piety under Okawaru
  6934 | D:7      | Reached skill level 5 in Invocations
  7544 | D:7      | Reached XP level 10. HP: 60/77 MP: 14/16
  7661 | D:7      | Reached skill level 11 in Unarmed Combat
  8119 | D:8      | Found a shimmering altar of Xom.
  8190 | D:8      | Found the +2 hat of the Bear Spirit {Spirit, +Rage rN+
                  | Will++}
  8204 | D:8      | Noticed a manticore
  8211 | D:8      | HP: 2/77 [manticore/volley of spikes (4)]
  8215 | D:8      | Slain by a manticore

Illustrated notes

Levels and vault maps discovered:
D:1:      dpeg_arrival_short_road, layout_loops_cross
D:2:      layout_rooms, basic_ecumenical_altar
D:3:      layout_basic, grunt_temple_overflow_gold_and_silver,
          mainiacjoe_overflow_divided_tiny, gammafunk_ghost_split, serial_shops,
          shop, minmay_hedge_maze
D:4:      minmay_wonky_spiral, layout_rooms, mainiacjoe_overflow_big_doors,
          uniq_pikel, uniq_ijyb
D:5:      layout_rooms, mainiacjoe_overflow_catwalk,
          lemuel_zombie_altar_yredelemnul, serial_shops,
          nicolae_shop_statue_plus, minmay_misc_feat_cross
D:6:      layout_basic, minmay_temple_entry_antechambers
D:7:      minmay_clustersquares, layout_loops_ring, uniq_maggie, uniq_joseph
D:8:      layout_rooms, mainiacjoe_overflow_cross_hatched,
          minmay_shattered_shrine
Temple:   nicolae_temple_hex_pool

Skill      XL: |  1  2  3  4  5  6  7  8  9 10 |
---------------+-------------------------------+-----
Unarmed Combat | 4 6 8 9 10 11 | 11.8
Earth Magic    | 2 4 5 |  5.5
Transmutations | 1 3 4 |  4.5
Spellcasting   | 1 3 4 |  4.0
Invocations    | 2 5 |  5.8
Fighting       | |  3.2
Dodging        | |  2.6
Stealth        | |  1.7

Action                   |  1- 3 |  4- 6 |  7- 9 | 10-12 || total
-------------------------+-------+-------+-------+-------++-------
Melee: Unarmed           |   182 |   137 |   397 |   117 ||   833
       Tailslap          |    17 |    17 |    52 |    16 ||   102
       Punch             |     2 |     5 |    23 |     9 ||    39
Throw: Dart              |       |       |     1 |       ||     1
Invok: Heroism           |       |     2 |     8 |     4 ||    14
  Use: Scroll            |     8 |     1 |     4 |     1 ||    14
       Potion            |       |       |     6 |     1 ||     7
 Stab: Sleeping          |     6 |     1 |     3 |       ||    10
       Distracted        |       |       |     3 |       ||     3
Armor: Skin              |    60 |    28 |    95 |    51 ||   234
Dodge: Dodged            |   132 |    86 |   283 |   122 ||   623

Table legend: (Time is in decaauts)
 A = Elapsed time spent in this place.
 B = Non-inter-level travel time spent in this place.
 C = Inter-level travel time spent in this place.
 D = Time resting spent in this place.
 E = Time spent auto-exploring this place.
 F = Levels seen in this place.
 G = Mean time per level.
                   A        B        C        D        E       F      G
               +--------+--------+--------+--------+--------+-----+--------+
         Total |   8069 |   7744 |    325 |   1479 |   4633 |   9 |  896.6 |
       Dungeon |   7998 |   7682 |    316 |   1479 |   4571 |   8 |  999.8 |
        Temple |     70 |     62 |      8 |      0 |     62 |   1 |   70.0 |
               +--------+--------+--------+--------+--------+-----+--------+

Top non-repeatable levels by time:
     D:7: 2056 daAuts
     D:1: 1137 daAuts
     D:4: 1094 daAuts
     D:3: 991 daAuts
     D:5: 882 daAuts
     D:6: 804 daAuts
     D:2: 800 daAuts
     D:8: 231 daAuts
  Temple: 70 daAuts
